Unix NetHack Version 3.7.0-90 Work-in-progress - last build Dec 4 2023 15:25:40 (a4ad6ea61a8c493010e15c9251bbb19a34919cb7,branch:master). Game began 2023-12-05 10:00:04, ended 2023-12-05 12:43:00. elenmirie, neutral female human Priestess ---------------- --------- |..............| #........| |....(.........| #|.......| |...............# ----- #|.......| -------------.--# |...| ###|.......| ### # |....# ## |....<..| ### # |...|# ## |.......| ## ## ##....|# ## -.------- ##### # # |...|# ## ### -------.- ######## #### -----# # # |.......+ ##------ # ## --------------# # |.......| #...>.-##"################..........u..|# ### |.......| #|....| # # |..^......@..|########### # |........#########0|.(..| # -............-# -.-.- --------- #|).(.-#### #|............|# |...| ------ +............|# |..{| --------------# |...| 1######0 ----- Elenmirie the Priestess St:16 Dx:15 Co:15 In:11 Wi:16 Ch:9 Neutral Dlvl:4 $:201 HP:0(70) Pw:109(109) AC:1 Xp:10/8657 T:20759 Burdened Latest messages: You see here an uncursed paperback book named Unseen Academicals (for sale, 27 zorkmids). There are several objects here. There is an open door here. There are many objects here. Where do you want to travel to? (For instructions type a '?') You destroy the fog cloud! You hear someone cursing shoplifters. The snake bites! You hit the snake! The snake misses! You kill the snake! a - a blessed +3 mace (weapon in right hand). You hear someone cursing shoplifters. You hear someone cursing shoplifters. There is an open door here. You see here an uncursed orcish helm. You hear the chime of a cash register. You fall down the stairs. You remember this level as stash. You try to move the boulder, but in vain. You try to move the boulder, but in vain. The white unicorn butts! The white unicorn kicks! The white unicorn misses! The white unicorn kicks! You hit the white unicorn! The white unicorn misses! The white unicorn kicks! The white unicorn butts! The white unicorn kicks! The white unicorn butts! The white unicorn misses! The white unicorn butts! The white unicorn kicks! You miss the white unicorn. The white unicorn butts! The white unicorn kicks! The white unicorn butts! The white unicorn kicks! You hit the white unicorn! The white unicorn just misses! The white unicorn misses! The white unicorn butts! You die... Do you want your possessions identified? [ynq] (y) y Do you want to see your attributes? [ynq] (y) y Do you want an account of creatures vanquished? [ynaq] (y) y Do you want to see your conduct and achievements? [ynq] (y) y Do you want to see the dungeon overview? [ynq] (y) y Inventory: Coins $ - 201 gold pieces Amulets g - an uncursed amulet of reflection (being worn) Weapons v - 11 blessed +0 darts (at the ready) y - 42 uncursed +0 darts a - a blessed +3 mace (weapon in right hand) Armor h - an uncursed +0 elven leather helm (being worn) l - an uncursed +0 pair of leather gloves (being worn) w - an uncursed +0 pair of water walking boots (being worn) M - an uncursed +0 dwarvish cloak (being worn) G - an uncursed +0 studded leather armor (being worn) Comestibles Z - an uncursed carrot j - an uncursed clove of garlic Q - 11 uncursed food rations O - an uncursed fortune cookie f - an uncursed sprig of wolfsbane R - an uncursed tripe ration L - an uncursed lizard corpse Scrolls r - an uncursed scroll of create monster K - a cursed scroll of destroy armor b - a cursed scroll of earth Y - a blessed scroll of light p - 2 uncursed scrolls of light i - a blessed scroll of punishment s - 3 uncursed scrolls of teleportation Spellbooks J - an uncursed spellbook of identify Potions T - an uncursed potion of blindness U - a blessed potion of booze N - 4 uncursed potions of booze W - a cursed potion of booze c - an uncursed potion of extra healing o - a cursed potion of extra healing C - an uncursed potion of hallucination X - an uncursed potion of object detection V - an uncursed potion of restore ability E - a cursed potion of sickness d - 3 potions of unholy water Rings z - a cursed ring of poison resistance A - an uncursed ring of protection from shape changers (on left hand) P - an uncursed ring of see invisible D - an uncursed ring of warning (on right hand) Wands H - a cursed wand of digging (0:3) t - an uncursed wand of light (0:14) S - an uncursed wand of secret door detection (0:15) m - an uncursed wand of sleep (0:4) I - an uncursed wand of striking (0:1) F - a cursed wand of striking (0:6) B - an uncursed wand of undead turning (0:8) Tools n - an uncursed tooled horn e - an uncursed skeleton key x - an uncursed towel u - an uncursed +0 unicorn horn Elenmirie the Priestess's attributes: Background: You were a Priestess, level 10 human. You were neutral, on a mission for Thoth who was opposed by Ptah (lawful) and Anhur (chaotic). You were right-handed. You were in the Dungeons of Doom, on level 4. You entered the dungeon 20759 turns ago. You had 8657 experience points, 1343 more were needed to attain level 11. Basics: You had 0 out of 70 hit points. You had all 109 energy points (spell power). Your armor class was 1. Your wallet contained 201 zorkmids. Autopickup was on for '$' plus thrown. Final Characteristics: Your strength was 16 (peak:18, limit:18/100). Your dexterity was 15 (limit:18). Your constitution was 15 (limit:18). Your intelligence was 11 (limit:18). Your wisdom was 16 (limit:18). Your charisma was 9 (limit:18). Final Status: You weren't hungry. You were burdened; movement was slightly slowed. You were wielding a mace. You had expert skill with mace. Final Attributes: You were piously aligned. You were fire resistant. You were cold resistant. You were telepathic. You were warned. You could walk on water. You had a small defense bonus (+3). You were warded. You were protected from shape changers. You had reflection. You are dead (2nd time!). Miscellaneous: You encountered 3 bones levels. Total elapsed playing time was 2 hours, 42 minutes and 53 seconds. Major events: Turn 1: elenmirie the neutral human Priestess entered the dungeon 1163: attained the rank of Acolyte (level 3) 2499: entered the Gnomish Mines 4158: attained the rank of Adept (level 6) 4357: entered Sokoban 5206: completed 1st Sokoban level 6114: completed 2nd Sokoban level 7817: reached Mine Town 8384: destroyed mikew999's ghost, the former Sightseer 8576: averted death (killed by a mumak) 12912: completed 3rd Sokoban level 14047: completed 4th Sokoban level 14762: acquired the Sokoban amulet of reflection 14893: attained the rank of Priestess (level 10) 19562: destroyed elenmirie's ghost, the former Adept 20759: killed by a white unicorn Vanquished creatures: 2 ghosts 2 giant mimics a large mimic 4 stalkers 2 giant zombies a warg 6 small mimics a glass piercer a troll a flaming sphere a large cat a gargoyle 2 elf mummies a human mummy a wraith a soldier a chameleon 3 giant beetles 2 cockatrices 2 wolves 7 winter wolf cubs a lynx 3 leprechauns 2 orc-captains a mumak 2 giant spiders 3 vampire bats a gnome ruler an owlbear 2 yetis 11 lizards 3 chickatrices a dog 4 dwarf leaders 4 blue jellies a white unicorn a black unicorn 3 dust vortices a raven 2 plains centaurs 3 snakes 2 human zombies a rope golem 3 soldier ants 7 fire ants 2 bugbears 2 imps 2 wood nymphs a water nymph 2 mountain nymphs 3 Uruk-hai 2 orc shamans 3 rock piercers 2 fog clouds 3 yellow lights 4 violet fungi 16 gnome leaders 6 gnomish wizards 2 kobold mummies 2 gray oozes 3 straw golems a paper golem 11 giant ants 2 little dogs 8 floating eyes 2 kittens 16 dwarves 4 homunculi 2 kobold leaders 2 hill orcs 12 rothes 2 rabid rats 3 centipedes 3 giant bats a monkey 3 werejackals 7 iguanas 21 killer bees 4 coyotes a gas spore 6 hobbits 18 manes 3 large kobolds 2 hobgoblins 5 giant rats 14 cave spiders 4 yellow molds 3 red molds 54 gnomes 6 garter snakes 3 gnome zombies 13 geckos 19 jackals 5 foxes 4 goblins 15 grid bugs 9 lichens 13 newts 462 creatures vanquished. No species were genocided or became extinct. Voluntary challenges: You read items or engraved 10 times. You never engraved Elbereth. You never genocided any monsters. You never polymorphed an object. You used no wishes. You did not violate any of the special Sokoban rules. Achievements: You entered a shop. You attained the rank of Acolyte. You entered the Gnomish Mines. You attained the rank of Adept. You entered Sokoban. You entered Minetown. You entered a temple. You completed Sokoban. You attained the rank of Priestess. The Dungeons of Doom: levels 1 to 7 Level 1: A grave. Level 2: A fountain. Level 3: A scroll shop, some sinks. Stairs down to The Gnomish Mines. Level 4: "stash" <- You were here. A fountain. Final resting place for you, killed by a white unicorn. Level 5: Many fountains. Oracle of Delphi. Level 6: An armor shop, an altar, a fountain. Stairs up to Sokoban, level 5. Level 7: Final resting place for elenmirie-Pri-Hum-Fem-Neu, killed by a giant zombie, while moving through the air. The Gnomish Mines: levels 4 to 11 Level 4: Level 5: Level 6: Many shops, a temple and an altar, many fountains, a grave. Final resting place for mikew999-Tou-Hum-Mal-Neu, killed by a watch captain. Level 7: Level 8: Level 9: A grave. Final resting place for elenmirie-Pri-Hum-Fem-Neu, killed by a boiling potion, while sleeping off a magical draught. Level 10: Level 11: A fountain. Sokoban: levels 5 up to 2 Level 2: Solved. Level 3: Solved. Level 4: Solved. Level 5: Solved. Game over: ---------- / \ / REST \ / IN \ / PEACE \ / \ | elenmirie | | 201 Au | | killed by a | | white unicorn | | | | | | 2023 | *| * * * | * _________)/\\_//(\/(/\)/\//\/|_)_______ Goodbye elenmirie the Priestess... You died in The Dungeons of Doom on dungeon level 4 with 35339 points, and 201 pieces of gold, after 20759 moves. You were level 10 with a maximum of 70 hit points when you died.